 Seeded DCSS version 0.27.1 (webtiles) character file.

Game seed: 14036611466628663890 (custom seed)

2 oldmanjim the Caller (level 1, -1/13 HPs)
             Began as a Merfolk Summoner on Aug 29, 2021.
             Slain by a jackal (2 damage)
             ... on level 1 of the Dungeon.
             The game lasted 00:03:06 (417 turns).

oldmanjim the Caller (Merfolk Summoner)              Turns: 417, Time: 00:03:07

Health: -1/13      AC:  2    Str:  8    XL:     1   Next: 40%
Magic:  1/3        EV: 12    Int: 14    God:
Gold:   0          SH:  0    Dex: 14    Spells: 3/4 levels left

rFire    . . .     SeeInvis .   (no weapon)
rCold    . . .     Faith    .   (no shield)
rNeg     . . .     Spirit   .   a - +0 robe
rPois    .         Reflect  .   (no helmet)
rElec    .         Harm     .   (no cloak)
rCorr    .         Rampage  .   (no gloves)
Will     .....                  (no boots)
Stlth    ++........             (no amulet)
HPRegen  0.04/turn              (no ring)
MPRegen  0.08/turn              (no ring)

@: no status effects
A: (nimble swimmer 2), mertail
a: no special abilities


You were on level 1 of the Dungeon.
You visited 1 branch of the dungeon, and saw 1 of its levels.

Inventory:

Armour
 a - a +0 robe (worn)
Potions
 b - a potion of brilliance {unknown}


   Skills:
 + Level 0.3 Fighting
 + Level 2.8 Dodging
 + Level 2.3 Stealth
 - Level 2.0 Spellcasting
 - Level 4.0 Summonings


You had 3 spell levels left.
You knew the following spells:

 Your Spells              Type           Power      Damage    Failure   Level
a - Summon Small Mammal   Summ           48%        N/A       4%          1

Your spell library contained the following spells:

 Spells                   Type           Power      Damage    Failure   Level
 Call Imp                 Summ           12%        N/A       7%          2
 Call Canine Familiar     Summ           12%        N/A       14%         3
 Summon Guardian Golem    Hex/Summ       7%         N/A       30%         3
 Summon Lightning Spire   Summ/Air       7%         N/A       71%         4


Dungeon Overview and Level Annotations

Branches:
Dungeon (1/15)

Altars:


Innate Abilities, Weirdness & Mutations

((You are quick and stealthy near water. (Stealth+, EV+, Speed+++)))
Your lower body shifts to a powerful aquatic tail in water.


Message History

Your bat closely misses the jackal.
The jackal barely misses you.
Casting: Summon Small Mammal (safe; 4% risk of failure)
Confirm with . or Enter, or press ? or * to list all spells.
Your bat misses the jackal. x2; The jackal completely misses you.
Your bat closely misses the jackal.
Your bat barely misses the jackal.
The jackal bites you. The jackal closely misses your bat.
Your bat hits the jackal but does no damage.
The jackal closely misses your bat.
Your bat hits the jackal.
Your bat barely misses the jackal. x2
The jackal closely misses your bat.
Your bat misses the jackal. x2
Your bat hits the jackal but does no damage. x2
Your bat closely misses the jackal.
The jackal bites your bat.
Your bat barely misses the jackal.
Your bat closely misses the jackal.
The goblin barely misses your bat.
Your bat closely misses the jackal.
Your bat hits the jackal but does no damage.
Casting: Summon Small Mammal (safe; 4% risk of failure)
Confirm with . or Enter, or press ? or * to list all spells.
The goblin closely misses your bat. The jackal bites you.
* * * LOW HITPOINT WARNING * * *
The jackal closely misses you. The goblin barely misses your bat.
Your rat barely misses the jackal.
The goblin misses your bat. The jackal closely misses you.
The jackal bites you.
* * * LOW HITPOINT WARNING * * *
You barely miss the jackal.
The jackal is lightly wounded.
The jackal bites you but does no damage.
The jackal closely misses you.
Your rat bites the jackal.
You closely miss the jackal.
The jackal is severely wounded.
Your bat barely misses the jackal.
The jackal bites you but does no damage.
Your rat misses the jackal. You closely miss the jackal.
The jackal is severely wounded.
The jackal bites you.
You die...

#.######g....... #.#
#g####### #.# #b# #.## #.#
#.# ..# #.# #.# ##.# ## ##.#
####g#
###..###.###..###....### ..
#........##.....#.r..#.####..
........##......@hb....#....#
......#....#####............#
###.....####...####......#..#
..###'###.........###........
....'.'†.....⌠.... +........
..###'###.........###....#...
###.....####...####.......##.
...###.....#####.............
.. #...##..........#......##.


You could see a jackal (ally target), a goblin, a friendly bat (summoned) and a
friendly rat (summoned).

Vanquished Creatures
  A giant cockroach (D:1)
1 creature vanquished.

Vanquished Creatures (collateral kills)
  An endoplasm (D:1)
  A quokka (D:1)
  A frilled lizard (D:1)
3 creatures vanquished.

Vanquished Creatures (others)
  A fungus (D:1)
1 creature vanquished.

Grand Total: 5 creatures vanquished

Notes
Turn   | Place    | Note
-------+----------+-------------------------------------------
     0 | D:1      | oldmanjim the Merfolk Summoner began the quest for the Orb.
     0 | D:1      | Reached XP level 1. HP: 13/13 MP: 3/3
   362 | D:1      | Found a faded altar of an unknown god.
   417 | D:1      | Slain by a jackal

Illustrated notes

Levels and vault maps discovered:
D:1:      elethiomel_arrival_infinity_welcomes_careful_drivers, layout_rooms,
          shapermc_ecumenical_altar_rom_forum, minmay_stone_trees_medium,
          minmay_misc_feat_five

Action                   || total
-------------------------++-------
Melee: Unarmed           ||    13
 Cast: Summon Small Mamm ||    13
 Stab: Distracted        ||     1
Armor: Robe              ||     8
Dodge: Dodged            ||    28
